 Dungeon Crawl Stone Soup version 0.25.0-9-g26727b657a (webtiles) character file.

Game seed: 18213098623200277430

467 MordorOrchid the Sneak (level 7, -2/34 HPs)
             Began as a Vine Stalker Enchanter on June 19, 2020.
             Slain by an orc
             ... wielding a +0 hand axe
              (8 damage)
             ... on level 3 of the Dungeon.
             The game lasted 00:11:29 (3444 turns).

MordorOrchid the Sneak (Vine Stalker Enchanter)     Turns: 3444, Time: 00:11:30

Health: -2/34      AC:  2    Str: 11    XL:     7   Next: 8%
Magic:  0/13       EV: 13    Int: 17    God:
Gold:   225        SH:  0    Dex: 14    Spells: 1/13 levels left

rFire    . . .     SeeInvis .   a - +1 dagger
rCold    . . .     Gourm    .   (no shield)
rNeg     . . .     Faith    .   b - +0 robe
rPois    .         Spirit   +   (no helmet)
rElec    .         Reflect  .   (no cloak)
rCorr    .         Harm     .   (no gloves)
MR       .....                  (no boots)
Stlth    +++.......             (no amulet)
HPRegen  0.51/turn              (no ring)
MPRegen  0.13/turn              (no ring)

@: lethally poisoned (-2 -> -4)
A: fangs 2, regeneration 1, magic shield, antimagic bite, no potion heal 3, rot
immunity
a: no special abilities


You were on level 3 of the Dungeon.
You were very hungry.

You visited 1 branch of the dungeon, and saw 3 of its levels.

You collected 225 gold pieces.

Inventory:

Hand Weapons
 a - a +1 dagger (weapon)
Missiles
 j - 41 arrows
 k - 46 bolts
 m - 86 stones
 r - 28 poisoned darts (quivered)
 t - a throwing net
Armour
 b - a +0 robe (worn)
 e - a +0 ring mail
Wands
 l - a wand of random effects (18)
Scrolls
 c - a scroll of magic mapping {unknown}
 f - 2 scrolls of teleportation {unknown}
 g - a scroll of enchant weapon {unknown}
 h - 2 scrolls of enchant armour {unknown}
 i - 6 scrolls of remove curse
 p - a scroll of immolation {unknown}
 q - a scroll of amnesia {unknown}
 u - a scroll of blinking {unknown}
Potions
 o - a potion of brilliance {unknown}
 s - a potion of lignification
 v - a potion of cancellation
Comestibles
 d - 8 rations


   Skills:
 * Level 1.8 Fighting
 * Level 2.4 Short Blades
 * Level 2.4 Dodging
 + Level 5.0 Stealth
 * Level 3.8 Spellcasting
 * Level 0.5 Conjurations
 * Level 4.2 Hexes
 * Level 1.7 Ice Magic


You had one spell level left.
You knew the following spells:

 Your Spells              Type           Power        Failure   Level  Hunger
a - Corona                Hex            ###....      2%          1    None
b - Ensorcelled Hibernat  Hex/Ice        ##....       7%          2    ##.....
d - Tukima's Dance        Hex            ###.....     9%          3    ###....
r - Dazzling Flash        Conj/Hex       ##....       19%         3    ###....
A - Confusing Touch       Hex            ###.....     9%          3    ###....

Your spell library contained the following spells:

 Spells                   Type           Power        Failure   Level  Hunger


Dungeon Overview and Level Annotations

Branches:
Dungeon (3/15)

Altars:
Elyvilon
Nemelex Xobeh
Okawaru
Wu Jian


Innate Abilities, Weirdness & Mutations

You have extremely sharp teeth.
Your natural rate of healing is unusually fast.
When hurt, damage is shared between your health and your magic reserves.
Your bite disrupts and absorbs the magic of your enemies.
Potions cannot restore your health.
You are immune to rotting.


Message History

Aim: an orc priest, wielding a +0 morningstar (chance to defeat MR: 44%)
The orc priest resists with some effort.
You feel sick.
The orc priest hits you with a +0 morningstar!
The orc hits you with a +0 club. The orc hits you with a +0 hand axe.
* * * LOW HITPOINT WARNING * * *
An orc comes into view. It is wielding a +0 club.
Unknown command.
Casting: Ensorcelled Hibernation (safe; 7% risk of failure)
Confirm with . or Enter, or press ? or * to list all spells.
Aiming: Ensorcelled Hibernation (safe; 7% risk of failure)
Press: ? - help, Shift-Dir - straight line, f/p - orc priest
Aim: an orc priest, wielding a +0 morningstar (chance to defeat MR: 44%)
The orc priest resists with some effort.
The orc priest hits you with a +0 morningstar.
* * * LOW HITPOINT WARNING * * *
The orc hits you with a +0 club.
* * * LOW HITPOINT WARNING * * *
The orc hits you with a +0 hand axe!
You die...

#..#. .. #...+
#..#. ... #...#
#..#. .... #...#
#..#. ...# #...#
#(.#. .'.#...#
#..#.
#.#...##########..#
#.oo..............#
#@o(.(.(........#
###'#####+#######
....o .........
#..........o
############


You could see an orc priest and 3 orcs.

Vanquished Creatures
  Sigmund (D:2)
  An orc warrior (D:2)
  A crimson imp (D:3)
  3 gnolls (D:2)
  9 adders
  An ooze (D:3)
  A worm (D:3)
  A dart slug (D:2)
  2 leopard geckos
  5 bats
  2 giant cockroaches
  11 goblins
  7 hobgoblins
  A quokka (D:2)
  4 frilled lizards
  3 kobolds (D:2)
  8 rats
61 creatures vanquished.

Vanquished Creatures (others)
  A frilled lizard (D:3)
1 creature vanquished.

Grand Total: 62 creatures vanquished

Notes
Turn   | Place    | Note
-------+----------+-------------------------------------------
     0 | D:1      | MordorOrchid the Vine Stalker Enchanter began the quest for
                  | the Orb.
     0 | D:1      | Reached XP level 1. HP: 9/9 MP: 4/4
     3 | D:1      | Noticed a death yak
   102 | D:1      | Noticed a four-headed hydra
   130 | D:1      | Reached skill level 1 in Short Blades
   289 | D:1      | Reached XP level 2. HP: 14/14 MP: 6/6
   299 | D:1      | Reached skill level 4 in Stealth
   875 | D:1      | Learned a level 2 spell: Ensorcelled Hibernation
   920 | D:2      | Found an ornate altar of the Wu Jian Council.
  1002 | D:2      | Reached XP level 3. HP: 17/17 MP: 7/7
  1011 | D:2      | Learned a level 3 spell: Confusing Touch
  1537 | D:2      | Gained mutation: Your natural rate of healing is unusually
                  | fast. [Vine Stalker growth]
  1537 | D:2      | Reached XP level 4. HP: 19/21 MP: 6/8
  1600 | D:2      | Found a sparkling altar of Nemelex Xobeh.
  1615 | D:2      | Reached skill level 1 in Fighting
  1788 | D:2      | Found an iron altar of Okawaru.
  2008 | D:2      | Noticed Sigmund
  2030 | D:2      | Killed Sigmund
  2030 | D:2      | Reached skill level 1 in Ice Magic
  2030 | D:2      | Reached XP level 5. HP: 11/25 MP: 2/11
  2030 | D:2      | Reached XP level 6. HP: 13/30 MP: 2/12
  2039 | D:2      | Learned a level 3 spell: Tukima's Dance
  2417 | D:2      | Learned a level 3 spell: Dazzling Flash
  2860 | D:3      | Found a white marble altar of Elyvilon.
  3041 | D:3      | Noticed an orc warrior
  3224 | D:2      | Killed an orc warrior
  3224 | D:2      | Reached skill level 5 in Stealth
  3224 | D:2      | Reached XP level 7. HP: 34/34 MP: 13/13
  3444 | D:3      | Slain by an orc

Illustrated notes

Levels and vault maps discovered:
D:1:      sevenhm_arrival_forest_fort_small_2, layout_loops_ring
D:2:      layout_loops_corners, okawaru_metal_pillars_1_2,
          nemelex_xobeh_ov_fountains_minmay, lemuel_crystal_altar,
          minmay_tetromino_s4, uniq_sigmund
D:3:      layout_basic, lemuel_round_altar, zin_scriptorium,
          lemuel_crystal_altar, fiery_altar_vehumet, minmay_distorted

Skill      XL: |  1  2  3  4  5  6 |
---------------+-------------------+-----
Short Blades   | 1 2 |  2.4
Stealth        | 4 5 |  5.0
Fighting       | 1 |  1.8
Dodging        | 2 |  2.4
Spellcasting   | 3 |  3.8
Hexes          | 4 |  4.2
Ice Magic      | 1 |  1.7
Conjurations   | |  0.5

Action                   |  1- 3 |  4- 6 |  7- 9 || total
-------------------------+-------+-------+-------++-------
Melee: Dagger            |    68 |    94 |     2 ||   164
       Bite              |    10 |    13 |       ||    23
Throw: Dart              |       |    11 |       ||    11
 Cast: Corona            |    20 |    12 |       ||    32
       Ensorcelled Hiber |       |    14 |     3 ||    17
       Tukima's Dance    |       |     2 |       ||     2
       Confusing Touch   |       |     2 |       ||     2
  Use: Potion            |     1 |     1 |       ||     2
       Scroll            |       |     3 |       ||     3
 Stab: Sleeping          |     8 |    15 |       ||    23
       Confused          |       |     2 |       ||     2
  Eat: Chunk             |     2 |     6 |       ||     8
Armor: Robe              |     8 |     9 |       ||    17
Dodge: Dodged            |    29 |    42 |     6 ||    77
